 Dungeon Crawl Stone Soup version 0.27.0-1-g7a089689b8 (webtiles) character file.

Game seed: 13844377785953197275

2923 Leibowitz the Covert (level 10, -2/60 HPs)
             Began as a Kobold Fighter on Aug 12, 2021.
             Was a Follower of Wu Jian.
             Slain by a green ugly thing (13 damage)
             ... on level 7 of the Dungeon.
             The game lasted 00:16:08 (8928 turns).

Leibowitz the Covert (Kobold Fighter)               Turns: 8928, Time: 00:16:08

Health: -2/60      AC:  4    Str: 13    XL:     10   Next: 6%
Magic:  10/10      EV: 16    Int: 11    God:    Wu Jian [*.....]
Gold:   216        SH:  6    Dex: 17    Spells: 9/9 levels left

rFire    . . .     SeeInvis .   b - +0 rapier
rCold    . . .     Faith    .   c - +0 buckler
rNeg     . . .     Spirit   .   k - +0 leather armour
rPois    .         Reflect  .   g - +0 helmet
rElec    .         Harm     .   f - scarf {shadows}
rCorr    .         Rampage  .   (no gloves)
Will     .....                  (no boots)
Stlth    +++++.....             (no amulet)
HPRegen  0.20/turn              (no ring)
MPRegen  0.12/turn              (no ring)

@: mighty, lethally poisoned (-2 -> -14)
A: small, no large weapons, nightstalker 3
a: Renounce Religion


You were on level 7 of the Dungeon.
You worshipped Wu Jian.
Wu Jian was aware of your devotion.
You visited 2 branches of the dungeon, and saw 8 of its levels.

You collected 216 gold pieces.

Inventory:

Hand Weapons
 a - a +0 dagger of venom
 b - a +0 rapier (weapon)
Armour
 c - a +0 buckler (worn)
 f - a scarf of shadows (worn)
 g - a +0 helmet (worn)
 k - a +0 leather armour (worn)
Wands
 n - a wand of flame (21)
 t - a wand of digging (3)
Scrolls
 h - 3 scrolls of blinking {unknown}
 i - 2 scrolls of amnesia {unknown}
 j - 3 scrolls of identify {unknown}
 l - a scroll of fear {unknown}
 o - a scroll of fog {unknown}
 q - 2 scrolls of magic mapping {unknown}
 r - 3 scrolls of teleportation {unknown}
Potions
 d - 2 potions of might
 e - a potion of mutation {unknown}
 m - 6 potions of heal wounds {unknown}
 p - a potion of resistance {unknown}
 s - a potion of attraction {unknown}


   Skills:
 * Level 5.8 Fighting
 * Level 8.3 Short Blades
 * Level 4.4 Armour
 * Level 5.5 Dodging
 * Level 10.4 Stealth
 * Level 4.4 Shields


You had 9 spell levels left.
You didn't know any spells.
Your spell library contained the following spells:

 Spells                   Type           Power      Damage    Failure   Level
 Shock                    Conj/Air       0%         1d3       43%         1
 Blink                    Tloc           N/A        N/A       58%         2
 Gell's Gravitas          Tloc           0%         N/A       82%         3
 Lesser Beckoning         Tloc           0%         N/A       82%         3
 Swiftness                Air            0%         N/A       82%         3
 Teleport Other           Tloc           0%         N/A       82%         3
 Airstrike                Air            0%         N/A       99%         4
 Manifold Assault         Tloc           0%         N/A       100%        5
 Dispersal                Tloc           0%         N/A       100%        6


Dungeon Overview and Level Annotations

Branches:
Dungeon (7/15)             Temple (1/1) D:5

Altars:
Cheibriados
Dithmenos
Elyvilon
Fedhas
Gozag
Hepliaklqana
Makhleb
Nemelex Xobeh
Okawaru
Qazlal
Ru
Sif Muna
Trog
Uskayaw
Vehumet
Wu Jian
Xom
Yredelemnul
Zin
The Shining One

Annotations:
D:5 2 transporters, Thargor's ghost, novice DjFE


Innate Abilities, Weirdness & Mutations

You are small and have problems with some larger weapons.
You are completely attuned to the shadows.


Message History

You feel clever.
You open the door.
There is an open door here.
A green ugly thing comes into view.
The green ugly thing gurgles horribly!
You hit the green ugly thing but do no damage.
You block the green ugly thing's attack.
You hit the green ugly thing.
The green ugly thing is lightly wounded.
The green ugly thing closely misses you.
There is an open door here.
Okay, then.
Your +0 dagger of venom stops dripping with poison.
b - a +0 rapier (weapon)
The green ugly thing kicks you!
You are poisoned.
The green ugly thing poisons you!
You hit the green ugly thing but do no damage.
You feel extremely sick.
You hit the green ugly thing but do no damage.
You feel very sick.
You block the green ugly thing's attack.
You puncture the green ugly thing!
The green ugly thing is lightly wounded.
You feel very sick.
You block the green ugly thing's attack.
You hit the green ugly thing but do no damage.
The green ugly thing is lightly wounded.
You feel very sick.
You block the green ugly thing's attack.
You hit the green ugly thing.
The green ugly thing is lightly wounded.
You feel very sick. The green ugly thing kicks you!
* * * LOW HITPOINT WARNING * * *
You feel very mighty all of a sudden.
* * * LOW HITPOINT WARNING * * *
You feel very sick. The green ugly thing kicks you!
You die...

#.# #.# #.##
###..+ +##+ .....#
#..#.#.## .##.##
###+#†.#....##
.##.##
....#..#..#...#
.##..+
._..'..u.......
.....#
....#.@###....#
.....#
#+###'#..##.....#
#....#
#.....#..#......#
#....+
#+##'##+##+......#
#..(.# ....#....
##..... #.##.#
....#.(.. #....#
#+##'##+#
####.###. #....
#....... #.##.


You could see a green ugly thing.

Vanquished Creatures
  A manticore (D:7)
  Sigmund (D:4)
  Eustachio (D:6)
  A steam dragon (D:7)
  Edmund (D:4)
  A water moccasin (D:5)
  2 ice beasts (D:5)
  A black bear (D:4)
  A sky beast (D:6)
  2 centaurs (D:6)
  A necrophage (D:6)
  An ogre (D:5)
  A phantom (D:4)
  A bullfrog (D:7)
  Blork the orc (D:4)
  A scorpion (D:5)
  2 centaur zombies
  5 hounds
  A jelly (D:5)
  2 orc priests (D:6)
  A bullfrog skeleton (D:3)
  3 iguanas
  Jessica (D:2)
  Natasha (thrice) (D:3)
  8 orc wizards
  A hound zombie (D:4)
  5 adders
  A shadow imp (D:7)
  3 white imps (D:6)
  2 ufetubi
  7 worms
  4 dart slugs
  16 orcs
  7 bats
  8 endoplasms
  A giant cockroach (D:3)
  4 goblins
  8 hobgoblins
  2 quokkas
  7 ball pythons
  2 frilled lizards (D:3)
  10 kobolds
  7 rats
139 creatures vanquished.

Vanquished Creatures (others)
  An orc (D:4)
  10 plants (D:3)
11 creatures vanquished.

Grand Total: 150 creatures vanquished

Notes
Turn   | Place    | Note
-------+----------+-------------------------------------------
     0 | D:1      | Leibowitz the Kobold Fighter began the quest for the Orb.
     0 | D:1      | Reached XP level 1. HP: 14/14 MP: 1/1
   165 | D:1      | Reached XP level 2. HP: 19/19 MP: 2/2
   218 | D:1      | Reached skill level 1 in Stealth
   514 | D:1      | Reached XP level 3. HP: 23/23 MP: 3/3
  1706 | D:2      | Reached XP level 4. HP: 26/28 MP: 4/4
  1918 | D:2      | Noticed Jessica
  1924 | D:2      | Killed Jessica
  1925 | D:2      | Reached skill level 2 in Stealth
  2583 | D:3      | Reached skill level 1 in Dodging
  2625 | D:3      | Reached XP level 5. HP: 33/33 MP: 5/5
  2970 | D:3      | Noticed Natasha
  2972 | D:3      | Killed Natasha
  3473 | D:3      | Reached skill level 3 in Stealth
  3516 | D:3      | Noticed Natasha
  3526 | D:3      | Killed Natasha
  3527 | D:3      | Reached XP level 6. HP: 35/38 MP: 6/6
  3704 | D:3      | Found a glowing golden altar of the Shining One.
  3940 | D:3      | Noticed Natasha
  3952 | D:3      | Killed Natasha
  4273 | D:4      | Reached skill level 5 in Short Blades
  4381 | D:4      | Noticed a black bear
  4384 | D:4      | Noticed Edmund
  4711 | D:4      | Killed Edmund
  4712 | D:4      | Reached skill level 4 in Stealth
  4712 | D:4      | Reached XP level 7. HP: 7/43 MP: 7/7
  5138 | D:4      | Reached skill level 5 in Stealth
  5605 | D:4      | Noticed Blork the orc
  5608 | D:4      | Killed Blork the orc
  5609 | D:4      | Reached XP level 8. HP: 48/48 MP: 8/8
  5644 | D:4      | Noticed Sigmund
  5648 | D:4      | Killed Sigmund
  5649 | D:4      | Reached skill level 6 in Stealth
  5969 | D:5      | Entered Level 5 of the Dungeon
  5979 | D:5      | Found a staircase to the Ecumenical Temple.
  5985 | Temple   | Entered the Ecumenical Temple
  6132 | Temple   | Became a worshipper of the Wu Jian Council
  6186 | D:5      | Found an opulent altar of Gozag.
  6314 | D:5      | Reached skill level 7 in Stealth
  6570 | D:5      | Found a transporter.
  6721 | D:5      | Reached skill level 5 in Fighting
  6721 | D:5      | Reached XP level 9. HP: 54/54 MP: 9/9
  6741 | D:5      | Found a transporter.
  6741 | D:5      | Noticed Thargor's ghost (novice DjFE)
  6870 | D:5      | Reached skill level 8 in Stealth
  7856 | D:6      | Found a stormy altar of Qazlal.
  7856 | D:6      | Found a burning altar of Makhleb.
  7943 | D:6      | Reached * piety under Wu Jian
  7971 | D:6      | Reached skill level 9 in Stealth
  8381 | D:6      | Found a radiant altar of Vehumet.
  8453 | D:6      | Noticed Eustachio
  8455 | D:6      | Killed Eustachio
  8721 | D:7      | Found a shadowy altar of Dithmenos.
  8722 | D:7      | Found an iron altar of Okawaru.
  8723 | D:7      | Reached skill level 5 in Dodging
  8725 | D:7      | Found a sacrificial altar of Ru.
  8867 | D:7      | Reached skill level 10 in Stealth
  8899 | D:7      | Found a bloodstained altar of Trog.
  8904 | D:7      | Noticed a manticore
  8906 | D:7      | Killed a manticore
  8907 | D:7      | Reached XP level 10. HP: 60/60 MP: 10/10
  8913 | D:7      | Noticed a green ugly thing
  8928 | D:7      | Slain by a green ugly thing

Illustrated notes

Levels and vault maps discovered:
D:1:      nzn_arrival_crosshair, layout_rooms
D:2:      layout_basic, uniq_jessica
D:3:      layout_basic, overflow_temple_1_default, lexackson_kobold_supper,
          uniq_natasha
D:4:      layout_cave_pools, serial_rivers, chequers_serial_rivers_micro_b,
          chequers_serial_rivers_large_b, chequers_serial_rivers_marsh,
          chequers_serial_rivers_micro_c, minmay_close_crescents,
          uniq_blork_the_orc, uniq_edmund, uniq_sigmund
D:5:      layout_basic, grunt_gozag_statues, minmay_temple_entry_statues,
          gammafunk_ghost_mausoleum, serial_shops, nicolae_take_the_stairs
D:6:      layout_gridville, gammafunk_temple_overflow_pools, marbit_many_paths,
          chequers_serial_rivers_small_3, uniq_eustachio
D:7:      layout_loops_cross, mainiacjoe_overflow_24_doors,
          grunt_temple_overflow_open, nicolae_ashenzari_skybound
Temple:   jpeg_temple_clearing

Skill      XL: |  1  2  3  4  5  6  7  8  9 |
---------------+----------------------------+-----
Stealth        | 1 2 3 4 5 7 10 | 10.4
Short Blades   | 3 4 5 6 7 8 |  8.3
Dodging        | 1 2 4 5 |  5.5
Armour         | 3 4 |  4.4
Fighting       | 4 5 |  5.8
Shields        | 3 4 |  4.4

Action                   |  1- 3 |  4- 6 |  7- 9 | 10-12 || total
-------------------------+-------+-------+-------+-------++-------
Melee: Rapier            |    72 |    40 |    16 |     5 ||   133
       Dagger            |       |   107 |   231 |     2 ||   340
Invok: Lunge             |       |       |    25 |       ||    25
  Use: Potion            |       |       |     1 |     1 ||     2
 Stab: Sleeping          |    13 |    14 |    31 |       ||    58
       Distracted        |       |     1 |     1 |       ||     2
Armor: Skin              |     1 |       |       |       ||     1
       Leather armour    |     3 |    17 |    46 |       ||    66
Dodge: Dodged            |    20 |    48 |   101 |     1 ||   170
Block: Buckler           |    16 |    25 |    59 |     4 ||   104
